 Dungeon Crawl Stone Soup version 0.28.0-43-g3370ac3207 (webtiles) character file.

Game seed: 11227203434297686527

16636 Peloso the Carver (level 12, -7/95 (110) HPs)
             Began as a Minotaur Fighter on Mar 10, 2022.
             Was a High Priest of Okawaru.
             Mangled by a black mamba (28 damage)
             ... on level 2 of the Lair of Beasts.
             The game lasted 00:22:16 (11774 turns).

Peloso the Carver (Minotaur Fighter)               Turns: 11774, Time: 00:22:16

HP:   -7/95 (110)   AC: 24    Str: 23    XL:     12   Next: 11%
MP:   12/12         EV:  2    Int:  5    God:    Okawaru [*****.]
Gold: 818           SH:  0    Dex: 16    Spells: 11/11 levels left

rFire   + . .      SeeInvis .   a - +3 scimitar (flame)
rCold   . . .      Faith    .   c - +0 buckler
rNeg    . . .      Spirit   .   Y - +2 plate armour {rF+}
rPois   .          Reflect  .   (helmet restricted)
rElec   .          Harm     .   I - +0 cloak
rCorr   .          Rampage  .   Z - +2 pair of gloves {Dex+3}
Will    .....                   L - +0 pair of boots
Stlth   ..........              w - amulet of regeneration
HPRegen 1.05/turn               (no ring)
MPRegen 0.13/turn               (no ring)

@: lethally poisoned (-7 -> -11), sleeping, heavily drained
A: horns 2, retaliatory headbutt
a: Renounce Religion, Heroism, Finesse, Duel


You were on level 2 of the Lair of Beasts.
You worshipped Okawaru.
Okawaru was extremely pleased with you.
You visited 3 branches of the dungeon, and saw 14 of its levels.
You also visited: Ossuary and Gauntlet.

You collected 818 gold pieces.

Inventory:

Hand Weapons
 a - a +3 scimitar of flaming (weapon)
 b - a +1 vorpal long sword
Armour
 c - a +0 buckler (worn)
 n - a +0 chain mail
 o - a +1 chain mail of cold resistance
 I - a +0 cloak (worn)
 L - a +0 pair of boots (worn)
 R - a +0 pair of gloves of hurling
 S - quicksilver dragon scales
 V - the +6 scale mail of the Gastropod {Rampage rC+}
   (You found it in a Gauntlet)

   rC:        It protects you from cold.
   Rampage:   It bestows one free step when moving towards enemies.
 Y - a +2 plate armour of fire resistance (worn)
 Z - a +2 pair of gloves of dexterity (worn)
Jewellery
 f - an amulet of the acrobat
 w - an amulet of regeneration (around neck)
 N - an amulet of guardian spirit
 P - the ring of Sihum {Fire +Blink rPois Str+3 Dex-2}
   (You found it in a Gauntlet)

   [ring of fire]

   It enhances your fire magic.
   Str:       It affects your strength (+3).
   Dex:       It affects your dexterity (-2).
   rF:        It protects you from fire.
   rC:        It makes you vulnerable to cold.
   rPois:     It protects you from poison.
   +Blink:    It lets you blink.
 Q - a ring of fire
 T - a ring of protection from fire
 U - a +4 ring of evasion
 W - a ring of poison resistance
Wands
 v - a wand of acid (21)
 C - a wand of flame (8)
 E - a wand of digging (4)
 F - a wand of iceblast (16)
 G - a wand of paralysis (9)
 H - a wand of polymorph (12)
 M - a wand of mindburst (6)
Scrolls
 e - 3 scrolls of fear
 h - 2 scrolls of immolation
 j - 2 scrolls of enchant weapon
 k - 2 scrolls of silence
 p - a scroll of brand weapon
 q - 2 scrolls of acquirement {unknown}
 r - 2 scrolls of magic mapping
 s - 5 scrolls of teleportation
 t - 2 scrolls of fog {unknown}
 u - 2 scrolls of enchant armour {unknown}
 x - 5 scrolls of amnesia {unknown}
 y - 2 scrolls of blinking {unknown}
 A - 2 scrolls of vulnerability {unknown}
 J - a scroll of holy word {unknown}
 X - a scroll of torment {unknown}
Potions
 d - a potion of might
 g - 2 potions of cancellation
 i - 2 potions of ambrosia
 m - 11 potions of curing
 z - 4 potions of flight
 B - 2 potions of invisibility
 D - a potion of brilliance
 K - 2 potions of haste
 O - 3 potions of mutation {unknown}


   Skills:
 + Level 11.1 Fighting
 + Level 14.4 Long Blades
 + Level 12.8 Armour
 + Level 4.0 Dodging
 + Level 1.6 Stealth
 + Level 8.6 Shields
 + Level 0.2 Unarmed Combat
 + Level 1.6 Invocations
 + Level 1.8 Evocations


You had 11 spell levels left.
You didn't know any spells.
Your spell library contained the following spells:

 Spells                   Type           Power      Damage    Failure   Level
 Blink                    Tloc           0%         N/A       100%        2
 Ensorcelled Hibernation  Hex/Ice        0%         N/A       100%        2
 Passwall                 Tmut/Erth      0%         N/A       100%        2
 Scorch                   Fire           0%         2d5       100%        2
 Static Discharge         Conj/Air       0%         N/A       100%        2
 Sublimation of Blood     Necr           0%         N/A       100%        2
 Confusing Touch          Hex            0%         N/A       100%        3
 Dazzling Flash           Conj/Hex       0%         N/A       100%        3
 Gell's Gravitas          Tloc           0%         N/A       100%        3
 Ozocubu's Armour         Ice            0%         N/A       100%        3
 Swiftness                Air            0%         N/A       100%        3
 Flame Wave               Conj/Fire      0%         2d4       100%        4
 Sticky Flame             Conj/Fire      0%         2d3       100%        4
 Agony                    Necr           0%         N/A       100%        5
 Borgnjor's Vile Clutch   Necr/Erth      0%         N/A       100%        5
 Lightning Bolt           Conj/Air       0%         1d11      100%        5
 Manifold Assault         Tloc           0%         N/A       100%        5
 Metabolic Englaciation   Hex/Ice        0%         N/A       100%        5
 Silence                  Hex/Air        0%         N/A       100%        5
 Yara's Violent Unravell  Hex/Tmut       0%         3d3       100%        5
 Enfeeble                 Hex            0%         N/A       100%        7
 Storm Form               Tmut/Air       0%         N/A       100%        7
 Maxwell's Capacitive Co  Air            0%         ∞         100%        8
 Fire Storm               Conj/Fire      0%         5d1       100%        9
 Animate Dead             Necr           Unusable   N/A       N/A         4
 Simulacrum               Ice/Necr       Unusable   N/A       N/A         6
 Summon Cactus Giant      Summ           Unusable   N/A       N/A         6
 Haunt                    Necr/Summ      Unusable   N/A       N/A         7
 Infestation              Necr           Unusable   N/A       N/A         8

Dungeon Overview and Level Annotations

Branches:
Dungeon (11/15)            Temple (1/1) D:6            Lair (2/6) D:10
    Orc (0/2) D:11        Ossuary (visited)         Gauntlet (visited)
  Swamp: Lair:2-4    Shoals: Lair:2-4     Snake: Lair:2-4    Spider: Lair:2-4

Altars:
Ashenzari
Dithmenos
Elyvilon
Fedhas
Gozag
Kikubaaqudgha
Makhleb
Nemelex Xobeh
Okawaru
Qazlal
Ru
Sif Muna
Uskayaw
Vehumet
Wu Jian
Zin
The Shining One

Shops:
D:2 =


Innate Abilities, Weirdness & Mutations

You have a pair of horns on your head.
You reflexively headbutt those who attack you in melee.


Message History

You headbutt the bullfrog! The hell rat bites you.
You feel drained.
Unknown command.
You block the hell rat's attack.
The hell rat bites you but does no damage.
Unknown command.
The cane toad stings you but does no damage.
The bullfrog misses you.
Unknown command.
You block the cane toad's attack. You block the hell rat's attack.
Unknown command.
You hit the cane toad but do no damage. The hell rat barely misses you.
The cane toad stings you. You block the hell rat's attack.
Unknown command.
You barely miss the cane toad.
The hell rat bites you but does no damage.
The cane toad completely misses you. You furiously retaliate!
You headbutt the cane toad! You block the black mamba's attack.
The hell rat bites you.
You feel drained. The hell rat bites you.
You feel drained.
Unknown command.
Found a stone staircase leading down.
The black mamba bites you but does no damage.
The cane toad closely misses you. You furiously retaliate!
You headbutt the cane toad, but do no damage.
The black mamba bites you.
You are poisoned.
The black mamba poisons you!
You feel very sick. The black mamba barely misses you. You furiously retaliate!
You headbutt the black mamba!
The dream sheep ruffle their wool and motes of dream dust sparkle, to no effect.
The hell rat barely misses you.
Unknown command.
You feel very sick.
The black mamba bites you but does no damage.
The dream sheep are wreathed in dream dust.
You feel drowsy...
You fall asleep.
You feel very sick. The black mamba bites you!!
You die... #..........# #.......# #Y..## ##..Y.# #rlYF.#

.#####8FrY8#
.......rFr.#
......#S8.##
......#@##.#
...............
..............>
...............
P#######.......
....... .......
.......


You could see a komodo dragon, a black mamba, 2 cane toads, a bullfrog, 4 dream
sheep and 4 hell rats.

Vanquished Creatures
  Gastronok (D:10)
  A minotaur (Gauntlet)
  A hell beast (Gauntlet)
  A hydra (Lair:1)
  3 two-headed ogres (D:11)
  Erica (D:8)
  An obsidian statue (Gauntlet)
  An orc knight (D:11)
  2 cane toads (Lair:1)
  Psyche (D:9)
  3 komodo dragons
  A hornet (D:10)
  A troll (D:11)
  Prince Ribbit (D:6)
  A meliai zombie (D:11)
  Grinder (D:3)
  2 wyverns
  A basilisk (Lair:1)
  2 wraiths (Ossuary)
  A vampire (D:10)
  10 yaks
  A steam dragon (D:8)
  3 water moccasins
  An acid dragon (D:9)
  2 orc warriors
  3 ice beasts
  2 sky beasts
  2 black bears
  2 necrophages
  5 wolves (Lair:1)
  8 centaurs
  An ogre (D:7)
  A kobold brigand (D:10)
  2 bullfrogs
  A gnoll sergeant (D:9)
  A wyvern zombie (D:8)
  4 scorpions
  8 killer bees
  2 wights (Ossuary)
  6 electric eels (D:5)
  A howler monkey (D:7)
  5 centaur zombies
  2 jellies
  8 orc priests
  A bullfrog zombie (D:6)
  3 centaur skeletons (D:7)
  2 hounds (D:5)
  A gnoll shaman (D:5)
  Jessica (D:2)
  3 iguanas
  Natasha (thrice) (D:3)
  10 orc wizards
  A hell rat (Lair:2)
  A killer bee zombie (D:8)
  3 hound zombies (D:5)
  Robin (D:2)
  2 hound skeletons (D:4)
  A howler monkey zombie (D:5)
  A howler monkey skeleton (D:6)
  7 gnolls
  5 adders
  2 shadow imps
  2 white imps (D:5)
  An ufetubus (D:5)
  An adder zombie (Ossuary)
  A worm (D:2)
  3 dart slugs
  34 orcs
  A bat (D:1)
  6 endoplasms
  3 giant cockroaches
  6 hobgoblins
  13 jackals
  A quokka (D:1)
  6 ball pythons
  A ball python skeleton (Ossuary)
  5 frilled lizards
  16 goblins
  A hobgoblin skeleton (Ossuary)
  A hobgoblin zombie (Ossuary)
  14 kobolds
  3 kobold zombies (Ossuary)
  2 orc zombies (Ossuary)
  A quokka zombie (D:6)
  4 rats
  A rat zombie (D:6)
283 creatures vanquished.

Vanquished Creatures (others)
  A human (D:5)
  2 orc wizards (D:7)
  9 plants
12 creatures vanquished.

Grand Total: 295 creatures vanquished

Notes
Turn   | Place    | Note
-------+----------+-------------------------------------------
     0 | D:1      | Peloso the Minotaur Fighter began the quest for the Orb.
     0 | D:1      | Reached XP level 1. HP: 19/19 MP: 0/0
   275 | D:1      | Reached XP level 2. HP: 27/27 MP: 1/1
   415 | D:1      | Got the Grimoire of Darkness and the Oath
   971 | D:2      | Noticed Jessica
   974 | D:2      | Reached XP level 3. HP: 33/33 MP: 2/2
   975 | D:2      | Killed Jessica
   976 | D:2      | Reached skill level 3 in Long Blades
  1039 | D:2      | Found Mietritu's Jewellery Shop.
  1090 | D:2      | Noticed Robin
  1112 | D:2      | Reached XP level 4. HP: 28/41 MP: 3/3
  1125 | D:2      | Killed Robin
  1411 | D:2      | Found a faded altar of an unknown god.
  2062 | D:3      | Noticed Natasha
  2064 | D:3      | Killed Natasha
  2065 | D:3      | Reached XP level 5. HP: 47/47 MP: 4/4
  2242 | D:3      | Noticed Grinder
  2255 | D:3      | Killed Grinder
  2256 | D:3      | Reached skill level 5 in Fighting
  2256 | D:3      | Reached skill level 4 in Long Blades
  2256 | D:3      | Reached skill level 5 in Armour
  2256 | D:3      | Reached skill level 1 in Dodging
  2256 | D:3      | Reached XP level 6. HP: 42/56 MP: 5/5
  2350 | D:3      | Noticed Natasha
  2357 | D:3      | Killed Natasha
  2434 | D:3      | Noticed Natasha
  2441 | D:3      | Killed Natasha
  2442 | D:3      | Reached skill level 5 in Long Blades
  2662 | D:3      | Found a sacrificial altar of Ru.
  3173 | D:4      | Reached XP level 7. HP: 58/61 MP: 6/6
  3289 | D:4      | Reached skill level 6 in Long Blades
  3402 | D:4      | Got the Catalogue of the Voyage and Heat
  3936 | D:5      | Entered Level 5 of the Dungeon
  4001 | D:5      | Reached skill level 5 in Shields
  4209 | D:5      | Reached skill level 7 in Long Blades
  4346 | D:5      | Reached XP level 8. HP: 70/70 MP: 7/7
  4576 | D:5      | Reached skill level 8 in Long Blades
  5089 | D:6      | Found a staircase to the Ecumenical Temple.
  5089 | D:6      | Noticed Prince Ribbit
  5100 | D:6      | Reached skill level 9 in Long Blades
  5105 | D:6      | Killed Prince Ribbit
  5128 | D:6      | Reached XP level 9. HP: 51/79 MP: 8/8
  5134 | D:6      | Found a sand-covered staircase.
  5239 | Ossuary  | Entered an ossuary
  5587 | D:6      | Reached skill level 10 in Long Blades
  5650 | D:6      | Found a shadowy altar of Dithmenos.
  6389 | Temple   | Entered the Ecumenical Temple
  6449 | Temple   | Became a worshipper of Warmaster Okawaru
  6502 | D:7      | Reached skill level 1 in Stealth
  6666 | D:7      | Reached skill level 11 in Long Blades
  6764 | D:7      | Found a stormy altar of Qazlal.
  6864 | D:7      | Found a broken altar of Ashenzari.
  6970 | D:8      | Found a glowing golden altar of the Shining One.
  7136 | D:8      | Reached * piety under Okawaru
  7279 | D:8      | Noticed Erica
  7318 | D:8      | Killed Erica
  7319 | D:8      | Reached XP level 10. HP: 38/90 MP: 9/9
  7643 | D:5      | Reached ** piety under Okawaru
  7644 | D:5      | Reached skill level 12 in Long Blades
  7989 | D:5      | Found an ancient bone altar of Kikubaaqudgha.
  8216 | D:9      | Found a white marble altar of Elyvilon.
  8282 | D:9      | Found a hide-covered altar of Uskayaw.
  8361 | D:9      | Reached skill level 1 in Evocations
  8489 | D:9      | Reached *** piety under Okawaru
  8617 | D:9      | Noticed Psyche
  8720 | D:9      | Killed Psyche
  9003 | D:10     | Entered Level 10 of the Dungeon
  9003 | D:10     | Found a radiant altar of Vehumet.
  9152 | D:10     | Reached skill level 10 in Armour
  9218 | D:10     | Found a staircase to the Lair.
  9295 | D:10     | Reached skill level 13 in Long Blades
  9304 | D:10     | Reached **** piety under Okawaru
  9351 | D:10     | Noticed Gastronok
  9390 | D:10     | Killed Gastronok
  9391 | D:10     | Reached XP level 11. HP: 35/99 MP: 8/10
  9815 | D:11     | Reached skill level 10 in Fighting
  9897 | D:11     | Found a gate leading to a gauntlet.
  9902 | Gauntlet | Entered a Gauntlet
  9902 | Gauntlet | Found a transporter.
  9906 | Gauntlet | Found a transporter.
  9909 | Gauntlet | Noticed a hell beast
  9910 | Gauntlet | Found a transporter.
  9912 | Gauntlet | Found a transporter.
  9913 | Gauntlet | Found a transporter.
  9914 | Gauntlet | Found a transporter.
  9924 | Gauntlet | Found a transporter.
  9939 | Gauntlet | Noticed a balrug
  9955 | Gauntlet | Found a transporter.
  9955 | Gauntlet | Found a transporter.
  9958 | Gauntlet | Found a transporter.
  9971 | Gauntlet | Found the +18 shield of the Gong {rElec rN+ Will+ EV-5}
  9976 | Gauntlet | Noticed an obsidian statue
  9984 | Gauntlet | Found a transporter.
 10016 | Gauntlet | Found a transporter.
 10016 | Gauntlet | Noticed an obsidian statue
 10093 | Gauntlet | Killed a hell beast
 10093 | Gauntlet | Reached ***** piety under Okawaru
 10097 | Gauntlet | Identified the ring of Sihum {Fire +Blink rPois Str+3
                  | Dex-2}
 10118 | Gauntlet | Killed an obsidian statue
 10135 | Gauntlet | Noticed a minotaur
 10147 | Gauntlet | Killed a minotaur
 10147 | Gauntlet | Received a gift from Okawaru
 10158 | Gauntlet | Identified the +8 dire flail of Satyriasis {drain, rF++
                  | Will+ rCorr}
 10158 | Gauntlet | Identified the +6 scale mail of the Gastropod {Rampage rC+}
 10360 | D:11     | Noticed a two-headed ogre
 10369 | D:11     | Killed a two-headed ogre
 10373 | D:11     | Reached skill level 14 in Long Blades
 10458 | D:11     | Found a staircase to the Orcish Mines.
 10504 | D:11     | Noticed a two-headed ogre
 10517 | D:11     | Killed a two-headed ogre
 10636 | D:11     | Noticed a two-headed ogre
 10642 | D:11     | Killed a two-headed ogre
 10643 | D:11     | Reached skill level 1 in Invocations
 10723 | D:11     | Noticed an orc knight
 10743 | D:11     | Killed an orc knight
 11034 | Lair:1   | Entered Level 1 of the Lair of Beasts
 11190 | Lair:1   | Noticed an eight-headed hydra
 11197 | Lair:1   | Killed a three-headed hydra
 11198 | Lair:1   | Reached XP level 12. HP: 84/108 MP: 11/11
 11200 | Lair:1   | Received a gift from Okawaru
 11774 | Lair:2   | Mangled by a black mamba

Illustrated notes

Levels and vault maps discovered:
D:1:      minmay_arrival_stair_chambers, layout_loops_ring, minmay_vboxes
D:2:      layout_rooms, ebering_ecumenical_altar_petrified, serial_shops,
          nicolae_shop_trees, uniq_jessica, uniq_robin
D:3:      layout_basic, lemuel_coloured_pillars_altar, uniq_grinder,
          uniq_natasha
D:4:      layout_basic
D:5:      cheibrodos_two_vegetables, layout_loops_ring, tgw_kikubaaqudgha,
          chequers_serial_rivers_room_b, minmay_misc_feat_hallway, minmay_bent
D:6:      layout_loops_ring, grunt_dithmenos_smoke_and_mirrors,
          temple_fountains, enter_ossuary_4, uniq_prince_ribbit1
D:7:      layout_cave_pools, nicolae_overflow_crystal_walls,
          nicolae_qazlal_general_emergency
D:8:      layout_basic, mainiacjoe_overflow_catwalk, uniq_erica
D:9:      layout_basic, marbit_many_paths, mainiacjoe_overflow_chevrons,
          uniq_psyche
D:10:     layout_gridville, mainiacjoe_overflow_concentric_impassable,
          david_lair_shrubbed, uniq_gastronok
D:11:     layout_roguey, orc_0_dummy, gauntlet_entry_generic
Temple:   dshaligram_water_room_temple
Lair:1:   layout_misc_corridors, serial_bayou_shore_a,
          infiniplex_staircase_pool_2, lemuel_fruit_fields
Lair:2:   layout_chaotic_city, basic_altar, ldierk_geyser,
          cheibrodos_lair_reptile_den, grunt_megastairs_2

Skill      XL: |  1  2  3  4  5  6  7  8  9 10 11 12 |
---------------+-------------------------------------+-----
Fighting       | 4 5 6 7 8 9 10 11 | 11.1
Armour         | 4 5 6 7 8 10 12 | 12.8
Long Blades    | 3 4 5 7 9 11 13 14 | 14.4
Shields        | 4 5 6 7 8 |  8.6
Dodging        | 1 2 3 4 |  4.0
Stealth        | 1 |  1.6
Evocations     | 1 |  1.8
Invocations    | 1 |  1.6
Unarmed Combat | |  0.2

Action                   |  1- 3 |  4- 6 |  7- 9 | 10-12 || total
-------------------------+-------+-------+-------+-------++-------
Melee: Long sword        |    58 |   103 |   329 |       ||   490
       Headbutt          |     6 |    18 |    64 |    66 ||   154
       Scimitar          |       |       |       |   292 ||   292
       Unarmed           |       |       |       |     1 ||     1
Invok: Heroism           |       |       |       |     5 ||     5
Evoke: Wand              |       |       |       |    11 ||    11
  Use: Potion            |     3 |       |     1 |     1 ||     5
       Scroll            |     1 |       |     7 |     7 ||    15
Armor: Scale mail        |    38 |    21 |       |       ||    59
       Chain mail        |       |    33 |   162 |   136 ||   331
       Plate armour      |       |       |       |    37 ||    37
Dodge: Dodged            |    31 |    49 |   149 |   110 ||   339
Block: Buckler           |    17 |    23 |    70 |    91 ||   201
